General information
- name: BNet
- type: Ladder team game (AT/RT)
- host: Battle.net
- saver: humankingtomvip
map: FullScaleAssault
- players: 8
- length: 28:08
- speed: Fast
- version: 1.26 W3XP
- replay type: Public
» download(232 KB)
Players
team 1 (winner)

»
JeanRalphio (
green | 95 APM | 2675 actions | 28:07)
5 Blademaster
2 Wind Walk
3 Critical Strike
4 Tauren Chieftain
2 Endurance Aura
2 War Stomp
» actions
| Assign group hotkey | 25 | |
| Basic commands | 451 | |
| Build / train | 142 | |
| Enter build submenu | 20 | |
| Enter hero's abilities submenu | 9 | |
| Give item / drop item | 8 | |
| Remove unit from queue | 4 | |
| Right click | 634 | |
| Select / deselect | 750 | |
| Select group hotkey | 489 | |
| Use ability | 143 | |
2675 total
» units
| Peon | 19 | |
| Grunt | 7 | |
| Raider | 4 | |
| Spirit Walker | 5 | |
| Kodo Beast | 1 | |
| Tauren | 3 | |
| Troll Batrider | 11 | |
| Goblin Shredder | 1 | |
| Goblin Zeppelin | 2 | |
53 total
» upgrades
| Berserker Strength | 1 | |
| Pillage | 1 | |
| Ensnare | 1 | |
| Spirit Walker Training | 2 | |
| Melee Weapons | 1 | |
| Armor | 1 | |
| Reinforced Defenses | 1 | |
| War Drums Damage Increase | 1 | |
| Pulverize | 1 | |
| Liquid Fire | 1 | |
11 total
» buildings
| Altar of Storms | 1 | |
| Orc Burrow | 6 | |
| Voodoo Lounge | 1 | |
| Barracks | 1 | |
| Stronghold | 4 | |
| Beastiary | 3 | |
| Spirit Lodge | 1 | |
| War Mill | 1 | |
| Fortress | 6 | |
| Tauren Totem | 1 | |
| Watch Tower | 3 | |
28 total
» build order
00:07 Altar of Storms
00:22 Orc Burrow
00:38 Voodoo Lounge
01:30 Barracks
01:51 Orc Burrow
03:14 Stronghold
03:14 Stronghold
04:42 Orc Burrow
05:41 Beastiary
06:09 Spirit Lodge
07:27 Orc Burrow
07:49 War Mill
09:25 Fortress
09:25 Fortress
09:26 Fortress
10:45 Orc Burrow
11:50 Tauren Totem
15:45 Beastiary
19:56 Beastiary
24:08 Watch Tower
24:11 Watch Tower
24:28 Watch Tower
25:52 Orc Burrow
» items
| Healing Salve | 9 | |
| Circlet of Nobility | 3 | |
| Boots of Speed | 3 | |
| Scroll of Speed | 2 | |
| Scroll of Town Portal | 3 | |
| Tiny Great Hall | 2 | |
| Orb of Lightning | 5 | |
| Potion of Lesser Invulnerability | 4 | |
| Scroll of Healing | 1 | |
| Lesser Clarity Potion | 1 | |
| Potion of Mana | 1 | |
34 total
humankingtomvip (
blue | 63 APM | 1761 actions | 28:08)
10 Goblin Alchemist
3 Healing Spray
3 Acid Bomb
2 Transmute
2 Chemical Rage
» actions
| Assign group hotkey | 57 | |
| Basic commands | 38 | |
| Build / train | 107 | |
| ESC pressed | 4 | |
| Enter build submenu | 39 | |
| Enter hero's abilities submenu | 9 | |
| Give item / drop item | 6 | |
| Right click | 700 | |
| Select / deselect | 246 | |
| Select group hotkey | 313 | |
| Use ability | 242 | |
1761 total
» units
| Peasant | 34 | |
| Goblin Shredder | 2 | |
| Goblin Zeppelin | 2 | |
| Blue Dragon | 2 | |
40 total
» upgrades
» buildings
| Altar of Kings | 1 | |
| Farm | 8 | |
| Town Hall | 2 | |
| Scout Tower | 146 | |
| Lumber Mill | 1 | |
| Guard Tower | 29 | |
| Keep | 1 | |
| Arcane Vault | 2 | |
| Castle | 1 | |
| Arcane Sanctum | 1 | |
| Arcane Tower | 2 | |
194 total
» build order
00:16 Altar of Kings
00:30 Farm
00:59 Farm
01:08 Farm
03:03 Farm
03:59 Town Hall
04:08 Scout Tower
04:08 Scout Tower
04:08 Scout Tower
04:31 Lumber Mill
05:39 Guard Tower
05:42 Scout Tower
05:43 Scout Tower
05:43 Scout Tower
06:17 Guard Tower
06:18 Keep
06:20 Scout Tower
06:20 Scout Tower
06:20 Scout Tower
06:50 Guard Tower
06:52 Guard Tower
06:53 Scout Tower
06:53 Scout Tower
06:58 Scout Tower
07:01 Scout Tower
07:03 Scout Tower
07:04 Scout Tower
07:24 Guard Tower
07:25 Scout Tower
07:26 Scout Tower
07:26 Scout Tower
07:30 Guard Tower
07:31 Guard Tower
07:33 Scout Tower
07:34 Scout Tower
07:35 Scout Tower
07:35 Scout Tower
08:14 Guard Tower
08:15 Scout Tower
08:15 Scout Tower
08:16 Scout Tower
08:16 Scout Tower
08:32 Guard Tower
08:33 Scout Tower
08:33 Scout Tower
08:34 Scout Tower
08:34 Scout Tower
09:09 Guard Tower
09:14 Town Hall
09:15 Scout Tower
09:16 Scout Tower
09:16 Scout Tower
09:16 Scout Tower
09:17 Scout Tower
09:18 Scout Tower
09:20 Guard Tower
10:22 Guard Tower
11:03 Guard Tower
11:04 Scout Tower
11:04 Scout Tower
11:05 Scout Tower
11:05 Scout Tower
11:06 Scout Tower
11:07 Scout Tower
11:07 Scout Tower
11:07 Scout Tower
11:08 Arcane Vault
11:09 Castle
11:13 Arcane Vault
11:14 Scout Tower
11:15 Scout Tower
11:15 Scout Tower
11:15 Scout Tower
11:16 Scout Tower
11:16 Scout Tower
11:16 Scout Tower
11:17 Scout Tower
11:17 Scout Tower
11:18 Scout Tower
11:37 Arcane Sanctum
11:42 Farm
11:45 Farm
11:51 Guard Tower
12:26 Guard Tower
13:17 Guard Tower
13:24 Guard Tower
13:58 Scout Tower
13:59 Scout Tower
13:59 Scout Tower
14:00 Scout Tower
14:00 Scout Tower
14:01 Scout Tower
14:01 Scout Tower
14:02 Scout Tower
14:03 Scout Tower
14:03 Scout Tower
14:04 Scout Tower
14:04 Scout Tower
14:05 Scout Tower
14:05 Scout Tower
14:06 Scout Tower
14:07 Scout Tower
14:07 Scout Tower
14:08 Scout Tower
14:44 Guard Tower
15:13 Guard Tower
16:52 Guard Tower
17:58 Guard Tower
19:04 Scout Tower
19:04 Scout Tower
19:05 Scout Tower
19:05 Scout Tower
19:05 Scout Tower
19:06 Scout Tower
19:06 Scout Tower
19:06 Scout Tower
19:08 Scout Tower
19:09 Scout Tower
19:09 Scout Tower
19:11 Scout Tower
19:11 Scout Tower
19:11 Scout Tower
19:11 Scout Tower
19:12 Scout Tower
19:12 Scout Tower
19:13 Scout Tower
19:13 Scout Tower
19:17 Scout Tower
19:18 Scout Tower
19:18 Scout Tower
19:18 Scout Tower
19:19 Scout Tower
19:19 Scout Tower
19:19 Scout Tower
19:20 Scout Tower
19:21 Scout Tower
19:21 Scout Tower
19:21 Scout Tower
19:21 Scout Tower
19:22 Scout Tower
19:22 Scout Tower
20:26 Guard Tower
21:24 Guard Tower
21:29 Guard Tower
21:51 Guard Tower
21:57 Arcane Tower
22:29 Guard Tower
22:32 Scout Tower
22:33 Scout Tower
22:33 Scout Tower
22:33 Scout Tower
22:34 Scout Tower
22:34 Scout Tower
22:38 Scout Tower
22:39 Scout Tower
22:40 Scout Tower
22:40 Scout Tower
22:40 Scout Tower
22:40 Scout Tower
23:27 Arcane Tower
24:06 Guard Tower
24:55 Guard Tower
24:59 Farm
25:01 Guard Tower
25:02 Farm
» items
| Boots of Speed | 1 | |
| Staff of Teleportation | 1 | |
| Healing Salve | 2 | |
| Lesser Clarity Potion | 4 | |
| Scroll of Town Portal | 2 | |
| Orb of Lightning | 1 | |
| Tiny Great Hall | 1 | |
| Staff of Sanctuary | 1 | |
| Tome of Retraining | 1 | |
14 total

»
lEnDs (
orange | 61 APM | 1715 actions | 28:07)
5 Keeper of the Grove
2 Force of Nature
3 Entangling Roots
2 Demon Hunter
1 Evasion
1 Immolation
1 Priestess of the Moon
1 Trueshot Aura
» actions
| Assign group hotkey | 22 | |
| Basic commands | 1 | |
| Build / train | 94 | |
| ESC pressed | 3 | |
| Enter build submenu | 27 | |
| Enter hero's abilities submenu | 8 | |
| Give item / drop item | 8 | |
| Right click | 897 | |
| Select / deselect | 307 | |
| Select group hotkey | 288 | |
| Use ability | 60 | |
1715 total
» units
| Wisp | 21 | |
| Archer | 7 | |
| Hippogryph | 18 | |
| Goblin Shredder | 1 | |
| Chimaera | 11 | |
58 total
» upgrades
| Improved Bows | 1 | |
| Strength of the Wild | 3 | |
| Reinforced Hides | 3 | |
| Hippogryph Taming | 1 | |
| Ultravision | 1 | |
| Corrosive Breath | 1 | |
10 total
» buildings
| Moon Well | 7 | |
| Altar of Elders | 1 | |
| Ancient of War | 1 | |
| Ancient of Wonders | 1 | |
| Tree of Ages | 1 | |
| Tree of Life | 1 | |
| Hunter's Hall | 4 | |
| Ancient of Wind | 3 | |
| Tree of Eternity | 1 | |
| Ancient Protector | 2 | |
| Chimaera Roost | 3 | |
25 total
» build order
00:20 Moon Well
00:34 Altar of Elders
00:49 Ancient of War
01:22 Moon Well
01:47 Ancient of Wonders
03:37 Tree of Ages
04:10 Tree of Life
04:39 Hunter's Hall
05:37 Moon Well
06:51 Ancient of Wind
06:58 Ancient of Wind
07:11 Ancient of Wind
07:53 Tree of Eternity
10:21 Moon Well
10:24 Moon Well
10:36 Moon Well
10:47 Hunter's Hall
10:52 Hunter's Hall
11:03 Hunter's Hall
11:40 Ancient Protector
11:42 Ancient Protector
11:45 Chimaera Roost
11:51 Chimaera Roost
14:32 Chimaera Roost
17:04 Moon Well
» items
| Scroll of Town Portal | 3 | |
| Orb of Venom | 1 | |
| Anti-magic Potion | 1 | |
| Potion of Healing | 5 | |
| Potion of Mana | 1 | |
| Moonstone | 1 | |
12 total
x2baileyg (
teal | 34 APM | 949 actions | 28:07)
5 Blademaster
2 Wind Walk
3 Critical Strike
4 Shadow Hunter
2 Healing Wave
2 Serpent Ward
3 Tauren Chieftain
2 Endurance Aura
1 War Stomp
» actions
| Basic commands | 5 | |
| Build / train | 84 | |
| Enter build submenu | 45 | |
| Enter hero's abilities submenu | 12 | |
| Give item / drop item | 7 | |
| Right click | 304 | |
| Select / deselect | 355 | |
| Use ability | 137 | |
949 total
» units
| Peon | 26 | |
| Wind Rider | 8 | |
| Goblin Shredder | 1 | |
| Goblin Zeppelin | 1 | |
| Troll Batrider | 7 | |
43 total
» upgrades
| Envenomed Spears | 1 | |
| Ranged Weapons | 3 | |
| Armor | 3 | |
| Reinforced Defenses | 2 | |
| Spiked Barricades | 3 | |
| Melee Weapons | 2 | |
| Pillage | 1 | |
| Liquid Fire | 1 | |
16 total
» buildings
| Orc Burrow | 8 | |
| Altar of Storms | 1 | |
| Voodoo Lounge | 1 | |
| War Mill | 2 | |
| Stronghold | 1 | |
| Great Hall | 4 | |
| Fortress | 1 | |
| Beastiary | 3 | |
| Watch Tower | 23 | |
44 total
» build order
00:32 Orc Burrow
00:35 Altar of Storms
01:29 Voodoo Lounge
01:33 Orc Burrow
02:26 War Mill
03:31 Stronghold
06:07 Great Hall
06:19 Great Hall
06:25 Orc Burrow
06:36 Great Hall
06:51 Fortress
06:55 Beastiary
06:58 Beastiary
07:00 Beastiary
07:25 Orc Burrow
07:31 Orc Burrow
08:30 Orc Burrow
10:52 Orc Burrow
12:13 Orc Burrow
15:47 Great Hall
16:15 War Mill
16:23 Watch Tower
16:25 Watch Tower
16:27 Watch Tower
16:30 Watch Tower
17:41 Watch Tower
17:43 Watch Tower
18:25 Watch Tower
18:28 Watch Tower
18:30 Watch Tower
18:47 Watch Tower
18:50 Watch Tower
19:34 Watch Tower
21:17 Watch Tower
21:21 Watch Tower
21:25 Watch Tower
21:27 Watch Tower
21:32 Watch Tower
22:13 Watch Tower
22:23 Watch Tower
23:43 Watch Tower
23:46 Watch Tower
23:50 Watch Tower
24:00 Watch Tower
» items
| Healing Salve | 2 | |
| Orb of Lightning | 2 | |
| Scroll of Speed | 1 | |
| Scroll of Healing | 1 | |
| Scroll of Protection | 1 | |
7 total
team 2 (loser)

»
Moves (
red | 51 APM | 1418 actions | 27:43)
5 Far Seer
2 Feral Spirit
3 Chain Lighting
4 Shadow Hunter
2 Healing Wave
2 Hex
» actions
| Assign group hotkey | 65 | |
| Build / train | 62 | |
| Enter build submenu | 29 | |
| Enter hero's abilities submenu | 10 | |
| Give item / drop item | 2 | |
| Right click | 652 | |
| Select / deselect | 336 | |
| Select group hotkey | 196 | |
| Use ability | 66 | |
1418 total
» units
| Peon | 19 | |
| Grunt | 7 | |
| Shaman | 4 | |
| Tauren | 5 | |
| Troll Batrider | 5 | |
40 total
» upgrades
| Armor | 1 | |
| Shaman Training | 2 | |
| Witch Doctor Training | 1 | |
4 total
» buildings
| Altar of Storms | 1 | |
| Orc Burrow | 7 | |
| Barracks | 1 | |
| Voodoo Lounge | 1 | |
| Great Hall | 3 | |
| Stronghold | 2 | |
| War Mill | 1 | |
| Spirit Lodge | 2 | |
| Watch Tower | 9 | |
| Fortress | 2 | |
| Tauren Totem | 1 | |
| Beastiary | 1 | |
31 total
» build order
00:04 Altar of Storms
00:06 Orc Burrow
00:44 Barracks
01:26 Orc Burrow
02:49 Voodoo Lounge
03:45 Great Hall
04:12 Stronghold
04:28 Orc Burrow
04:52 War Mill
05:42 Orc Burrow
06:37 Spirit Lodge
07:17 Watch Tower
07:30 Spirit Lodge
09:14 Fortress
10:03 Watch Tower
10:06 Watch Tower
12:05 Tauren Totem
12:38 Great Hall
13:11 Orc Burrow
13:13 Orc Burrow
16:59 Great Hall
18:14 Watch Tower
18:15 Watch Tower
19:44 Watch Tower
19:52 Watch Tower
21:05 Watch Tower
21:23 Stronghold
22:37 Watch Tower
24:07 Fortress
24:10 Beastiary
25:19 Orc Burrow
» items
enter_the_raven (
pink | 32 APM | 911 actions | 28:03)
5 Priestess of the Moon
3 Trueshot Aura
1 Scout
1 Searing Arrows
» actions
| Assign group hotkey | 7 | |
| Basic commands | 6 | |
| Build / train | 68 | |
| Enter build submenu | 15 | |
| Enter hero's abilities submenu | 5 | |
| Remove unit from queue | 2 | |
| Right click | 424 | |
| Select / deselect | 316 | |
| Select group hotkey | 30 | |
| Use ability | 38 | |
911 total
» units
| Wisp | 10 | |
| Archer | 8 | |
| Hippogryph | 22 | |
| Faerie Dragon | 9 | |
49 total
» upgrades
| Strength of the Moon | 2 | |
| Moon Armor | 2 | |
| Improved Bows | 1 | |
| Hippogryph Taming | 1 | |
| Strength of the Wild | 2 | |
| Reinforced Hides | 2 | |
10 total
» buildings
| Moon Well | 6 | |
| Altar of Elders | 1 | |
| Hunter's Hall | 1 | |
| Ancient of War | 2 | |
| Tree of Ages | 1 | |
| Ancient of Wind | 2 | |
| Ancient of Wonders | 1 | |
14 total
» build order
00:12 Moon Well
00:18 Altar of Elders
01:00 Hunter's Hall
01:45 Ancient of War
02:11 Moon Well
02:16 Ancient of War
03:10 Moon Well
04:13 Moon Well
05:46 Moon Well
05:48 Tree of Ages
06:43 Moon Well
08:25 Ancient of Wind
08:29 Ancient of Wind
08:33 Ancient of Wonders
dlwffl99 (
purple | 31 APM | 875 actions | 28:07)
4 Paladin
2 Holy Light
1 Divine Shield
1 Devotion Aura
» actions
| Assign group hotkey | 12 | |
| Basic commands | 9 | |
| Build / train | 72 | |
| ESC pressed | 7 | |
| Enter build submenu | 37 | |
| Enter hero's abilities submenu | 4 | |
| Give item / drop item | 2 | |
| Right click | 231 | |
| Select / deselect | 226 | |
| Select group hotkey | 205 | |
| Use ability | 70 | |
875 total
» units
| Peasant | 22 | |
| Footman | 6 | |
| Goblin Shredder | 1 | |
| Goblin Zeppelin | 1 | |
| Gryphon Rider | 7 | |
| Dragonhawk Rider | 5 | |
42 total
» upgrades
| Defend | 1 | |
| Masonry | 3 | |
| Lumber Harvesting | 2 | |
| Swords | 2 | |
| Armor | 2 | |
| Animal War Training | 1 | |
| Storm Hammers | 1 | |
| Cloud | 1 | |
13 total
» buildings
| Altar of Kings | 1 | |
| Farm | 14 | |
| Lumber Mill | 1 | |
| Barracks | 2 | |
| Blacksmith | 1 | |
| Keep | 1 | |
| Arcane Vault | 1 | |
| Scout Tower | 11 | |
| Arcane Tower | 3 | |
| Castle | 1 | |
| Gryphon Aviary | 3 | |
| Town Hall | 2 | |
| Guard Tower | 4 | |
45 total
» build order
00:33 Altar of Kings
00:43 Farm
01:07 Lumber Mill
01:13 Barracks
01:19 Farm
02:01 Farm
02:25 Barracks
02:38 Farm
03:15 Farm
03:53 Farm
04:41 Blacksmith
05:26 Keep
06:28 Arcane Vault
06:34 Farm
06:54 Scout Tower
06:58 Scout Tower
07:21 Arcane Tower
07:24 Arcane Tower
07:25 Arcane Tower
09:17 Castle
09:21 Gryphon Aviary
09:24 Gryphon Aviary
09:28 Gryphon Aviary
10:24 Town Hall
11:06 Farm
11:09 Farm
11:12 Farm
12:02 Farm
12:04 Farm
12:05 Farm
12:09 Farm
13:28 Town Hall
13:31 Scout Tower
13:34 Scout Tower
13:37 Scout Tower
14:15 Guard Tower
14:18 Scout Tower
14:23 Scout Tower
14:27 Scout Tower
14:58 Scout Tower
15:01 Scout Tower
15:15 Guard Tower
15:34 Guard Tower
16:12 Scout Tower
16:51 Guard Tower
» items
| Scroll of Town Portal | 1 | |
| Orb of Fire | 1 | |
| Potion of Mana | 1 | |
3 total
B055. (
yellow | 199 APM | 5557 actions | 27:54)
6 Mountain King
3 Storm Bolt
1 Bash
1 Thunder Clap
1 Avatar
» actions
| Assign group hotkey | 30 | |
| Build / train | 93 | |
| ESC pressed | 6 | |
| Enter build submenu | 32 | |
| Enter hero's abilities submenu | 6 | |
| Give item / drop item | 1 | |
| Right click | 1752 | |
| Select / deselect | 810 | |
| Select group hotkey | 2751 | |
| Use ability | 76 | |
5557 total
» units
| Peasant | 27 | |
| Footman | 7 | |
| Knight | 14 | |
| Blue Dragon Whelp | 1 | |
| Sorceress | 2 | |
| Priest | 2 | |
53 total
» upgrades
| Swords | 2 | |
| Lumber Harvesting | 2 | |
| Animal War Training | 1 | |
| Plating | 1 | |
| Sorceress Training | 2 | |
| Priest Training | 2 | |
10 total
» buildings
| Altar of Kings | 1 | |
| Farm | 18 | |
| Barracks | 2 | |
| Arcane Vault | 1 | |
| Scout Tower | 8 | |
| Lumber Mill | 1 | |
| Keep | 1 | |
| Arcane Tower | 1 | |
| Blacksmith | 1 | |
| Town Hall | 1 | |
| Castle | 1 | |
| Guard Tower | 6 | |
| Arcane Sanctum | 3 | |
45 total
» build order
00:21 Altar of Kings
00:31 Farm
00:50 Barracks
01:12 Farm
01:22 Arcane Vault
01:46 Farm
01:57 Scout Tower
02:20 Lumber Mill
02:43 Farm
03:59 Keep
04:13 Arcane Tower
04:30 Farm
05:36 Blacksmith
05:40 Barracks
06:07 Town Hall
06:21 Scout Tower
06:25 Scout Tower
06:31 Scout Tower
06:32 Scout Tower
06:38 Scout Tower
06:51 Castle
08:05 Guard Tower
08:14 Scout Tower
08:16 Scout Tower
08:25 Guard Tower
08:29 Farm
08:48 Guard Tower
09:08 Guard Tower
09:09 Guard Tower
10:35 Farm
10:37 Farm
10:39 Farm
13:55 Farm
13:57 Farm
13:58 Farm
14:01 Farm
14:02 Farm
15:28 Arcane Sanctum
15:29 Arcane Sanctum
17:20 Arcane Sanctum
17:22 Farm
17:23 Farm
17:30 Farm
17:36 Farm
» items
| Scroll of Regeneration | 4 | |
| Lesser Clarity Potion | 2 | |
| Scroll of Healing | 1 | |
| Scroll of Protection | 1 | |
| Staff of Teleportation | 1 | |
9 total
Chat log
(04:06 / Allies) x2baileyg: want help green
(04:10 / Allies) JeanRalphio: i'm ok
(04:12 / Allies) x2baileyg: k
(04:17 / Allies) humankingtomvip: one time i took greens tome
(04:20 / Allies) humankingtomvip: and he left hte game
(05:15 / Allies) lEnDs: blue u are mad
(05:21 / Allies) lEnDs: but it is ok
(05:48 / Allies) humankingtomvip: u mean like a mad scientist?
(07:38 / All) dlwffl99: OMFG I'm REVEALED!!!!!!!!!!!!!
(09:31 / All) humankingtomvip: dialup
(09:48 / All) Moves: my shoes r worth more than your life.
(12:23 / Allies) JeanRalphio: out
(12:47 / All) Moves: jean ralphio is a confirmed virgin.
(12:57 / All) humankingtomvip: he left the game when i took his tome one time
(13:29 / All) Moves: my point exactly
(14:57 / Allies) lEnDs: no alone
(17:08 / All) Moves: bahh blue why make the game go so long -.-
(17:17 / All) humankingtomvip: think of it as playing 2 short games
(18:34 / Allies) lEnDs: exp
(18:42 / All) humankingtomvip: i ate your knight
(19:21 / Allies) x2baileyg: lol towers!
(19:30 / Allies) humankingtomvip: b
(20:01 / All) B055.: ate all of oj's heroes :D
(20:03 / All) Moves: jean ralph virgin down/
(20:08 / Allies) lEnDs: we must stay together
(20:16 / Allies) humankingtomvip: b
(20:25 / Allies) lEnDs: they are together
(20:32 / All) dlwffl99: why you running biatch?
(20:41 / All) x2baileyg: 1v4?
(20:45 / All) x2baileyg: why wouldnt i?
(20:49 / All) x2baileyg: not a noob like you
(20:49 / All) Moves: pussayyy
(20:56 / All) humankingtomvip: u want to see pussy?
(21:04 / All) humankingtomvip: fix ur internet
(21:05 / All) dlwffl99: hiding behind 1000 towers isn't being a pussy? LOL
(21:10 / All) x2baileyg: we already got this game locked
(21:13 / All) humankingtomvip: :)
(21:58 / All) Moves: u sure about that?
(22:03 / All) Moves: u dont even lock up half of your games -.-
(22:04 / Allies) lEnDs: wait green
(22:55 / Allies) lEnDs: b
(22:55 / Allies) lEnDs: b
(22:55 / Allies) lEnDs: b
(22:56 / Allies) lEnDs: b
(22:56 / Allies) lEnDs: b
(22:56 / Allies) lEnDs: b
(22:57 / Allies) lEnDs: b
(22:57 / Allies) lEnDs: b
(22:57 / Allies) lEnDs: b
(23:07 / All) Moves: ROFL
(23:17 / All) dlwffl99: obviously the ends didn't justify the means!!!!!!
(23:50 / Allies) humankingtomvip: why are u guys suiciding
(23:52 / Allies) humankingtomvip: away from the twoers
(23:58 / Allies) humankingtomvip: when u can uust wait 2 minutes for htem to attack the towers
(24:18 / Allies) lEnDs: blue no army
(24:30 / Allies) lEnDs: just towers
(24:40 / Allies) humankingtomvip: sorry should i start feeding them huge wasds of xp
(24:43 / Allies) humankingtomvip: would that be better
(26:24 / Allies) humankingtomvip: back
(26:25 / Allies) humankingtomvip: let them attack
(26:28 / Allies) humankingtomvip: dopnt suicide liek last tiem
(27:11 / Allies) x2baileyg: lets hit plz
(27:29 / All) Moves: such a waste of time -.-
(27:33 / All) humankingtomvip: u gort raped
(27:38 / All) Moves: the length virgins r willing to go for a computer game win -.-
(27:38 / All) humankingtomvip: wherse ur big talk now
(27:38 / All) lEnDs: what did you say about heroes?
(27:40 / All) Moves: well done blu
(28:02 / All) humankingtomvip: moves was role playing that he was in the movie above the rim
(28:02 / All) x2baileyg: rofl
(28:04 / All) x2baileyg: locked
(28:04 / All) humankingtomvip: talking about his shoes
(28:05 / All) humankingtomvip: rofl